 Dungeon Crawl Stone Soup version 0.31-a0-473-g61b50ae490 (webtiles) character file.

Game seed: 5005310019045358221

51 tsuchiFy the Poker (level 3, -10/30 HPs)
             Began as a Draconian Gladiator on Aug 6, 2023.
             Killed by an exploding hobgoblin (38 damage)
             ... ignited by their inner flame
             ... on level 2 of the Dungeon.
             The game lasted 00:30:15 (1226 turns).

tsuchiFy the Poker (Draconian Gladiator)            Turns: 1226, Time: 00:30:15

Health: -10/30     AC:  5    Str: 16    XL:     3   Next: 57%
Magic:  3/3        EV: 13    Int:  8    God:
Gold:   91         SH:  0    Dex: 14    Spells: 2/2 levels left

rFire   . . .        a - +0 trident
rCold   . . .        (no shield)
rNeg    . . .        (body armour unavailable)
rPois   .            b - +0 hat
rElec   .            (no cloak)
rCorr   +            (no gloves)
SInv    .            (no boots)
Will    .....        (no amulet)
Stlth   +            i - ring of resist corrosion
HPRegen 0.25/turn    (no ring)
MPRegen 0.08/turn

%: no passive effects
@: no status effects
A: AC +5, unfitting armour, cold-blooded
a: no special abilities


You were on level 2 of the Dungeon.
You visited 1 branch of the dungeon, and saw 2 of its levels.

You collected 91 gold pieces.

Inventory:

Hand Weapons
 a - a +0 trident (weapon)
Missiles
 c - 2 throwing nets (quivered)
 d - a javelin
 h - 2 poisoned darts
Armour
 b - a +0 hat (worn)
Jewellery
 i - a ring of resist corrosion (left hand)
Scrolls
 f - a scroll of fog {unknown}
 g - a scroll of acquirement {unknown}
 j - a scroll of teleportation {unknown}
 l - a scroll of identify {unknown}
 n - a scroll of revelation
Potions
 e - a potion of magic {unknown}
 k - a potion of might {unknown}
 m - a potion of haste {unknown}


   Skills:
 + Level 2.9 Fighting
 + Level 3.5 Polearms
 + Level 2.3 Throwing
 + Level 3.1 Dodging


You had 2 spell levels left.
You didn't know any spells.
Your spell library contained the following spells:

 Spells                   Type           Power      Damage    Failure   Level
 Animate Dead             Necr           0%         N/A       99%         4
 Haunt                    Necr/Summ      0%         N/A       100%        7
 Infestation              Necr           0%         N/A       100%        8
 Chain Lightning          Conj/Air       0%         N/A       100%        9
 Fire Storm               Conj/Fire      0%         5d1       100%        9
 Shatter                  Erth           0%         3d5*      100%        9


Dungeon Overview and Level Annotations

Branches:
Dungeon (2/15)

Altars:

Annotations:
D:2 exclusion: adder, Sigmund


Innate Abilities, Weirdness & Mutations

Your plain brown scales are hard. (AC +5)
You cannot fit into any form of body armour.
You are cold-blooded and may be slowed by cold attacks.


Message History

The hobgoblin attacks as you move away! The hobgoblin misses you.
As you read the scroll labelled TUUGU TOF NIL, it crumbles to dust.
You feel aware of your surroundings.
You sensed 1 altar, and 1 shop/portal.
It was a scroll of revelation.
The hobgoblin hits you but does no damage.
Found a stone staircase leading up.
As you read the scroll labelled CEIGAUM NAKI, it crumbles to dust.
The creatures around you are filled with an inner flame!
It was a scroll of immolation.
The hobgoblin barely misses you.
Reach: a) +0 trident
Press: ? - help, Dir - move target, f - hobgoblin
Aim: a hobgoblin (inner flame, about 41% to evade your +0 trident)
The hobgoblin is in the way.
You barely miss the hobgoblin. The hobgoblin barely misses you.
Reach: a) +0 trident
Press: ? - help, Dir - move target, f/p - hobgoblin
Aim: a hobgoblin (inner flame, about 41% to evade your +0 trident)
You reach to attack!
You barely miss the hobgoblin. The hobgoblin closely misses you.
The hobgoblin hits you but does no damage.
Reach: a) +0 trident
Press: ? - help, Dir - move target, f/p - hobgoblin
Aim: a hobgoblin (inner flame, about 41% to evade your +0 trident)
The hobgoblin is in the way.
You hit the hobgoblin but do no damage. The hobgoblin closely misses you.
Reach: a) +0 trident
Press: ? - help, Dir - move target, f/p - hobgoblin
Aim: a hobgoblin (inner flame, about 41% to evade your +0 trident)
You reach to attack!
You closely miss the hobgoblin. The hobgoblin hits you.
Reach: a) +0 trident
Press: ? - help, Dir - move target, f/p - hobgoblin
Aim: a hobgoblin (inner flame, about 41% to evade your +0 trident)
The hobgoblin is in the way.
You hit the hobgoblin.
Flame seeps out of the hobgoblin.
The hobgoblin is heavily wounded.
The hobgoblin is engulfed in blazing flames.
The hobgoblin explodes!
The fiery explosion engulfs you!!!
Ouch! That really hurt!
You die...

### ..# ############### #.#
################ ..#
################ ..#
################ ..#
################ ..#
################
..#########################
................@○g.#######
###################.#######
.#**,,,,,,,.#######.#######
..,***,****.#######.#######
*#,,,,,* #<#######.#######
,**,****###.#######.#######
,*,,* #.....#####.#######
**,** ***,*#...####.#######
*..* *,,,*#........#######


You could see a hobgoblin (inner flame).

Vanquished Creatures
  An adder (D:2)
  A worm (D:2)
  5 bats (D:1)
  3 endoplasms
  4 giant cockroaches (D:1)
  4 goblins
  4 hobgoblins
  3 kobolds
  2 quokkas
  2 ball pythons (D:2)
  3 frilled lizards
  4 rats
36 creatures vanquished.

Notes
Turn   | Place    | Note
-------+----------+-------------------------------------------
     0 | D:1      | tsuchiFy the Draconian Gladiator began the quest for the
                  | Orb.
     0 | D:1      | Reached XP level 1. HP: 17/17 MP: 1/1
   300 | D:1      | Reached XP level 2. HP: 25/25 MP: 2/2
   922 | D:2      | Reached XP level 3. HP: 30/30 MP: 3/3
  1205 | D:2      | Noticed Sigmund
  1226 | D:2      | Killed by an exploding hobgoblin... ignited by their inner
                  | flame

Illustrated notes

Levels and vault maps discovered:
D:1:      nagdon_arrival_double_spiral, layout_basic
D:2:      minmay_skewed_foursquare, layout_loops_ring, serial_shops, shop,
          shapermc_ecumenical_altar_petra, st_stairs_10, uniq_sigmund

Skill      XL: |  1  2 |
---------------+-------+-----
Throwing       | 2 |  2.3
Dodging        | 3 |  3.1
Fighting       | |  2.9
Polearms       | |  3.5

Action                     || total
---------------------------++-------
  Melee: Trident           ||    95
         Tailslap          ||     5
  Throw: Throwing net      ||     2
    Use: Scroll            ||     2
   Stab: Sleeping          ||     3
 Armour: Skin              ||    26
  Dodge: Dodged            ||    60

Table legend: (Time is in decaauts)
 A = Elapsed time spent in this place.
 B = Non-inter-level travel time spent in this place.
 C = Inter-level travel time spent in this place.
 D = Time resting spent in this place.
 E = Time spent auto-exploring this place.
 F = Levels seen in this place.
 G = Mean time per level.
                   A        B        C        D        E       F      G
               +--------+--------+--------+--------+--------+-----+--------+
         Total |   1272 |   1241 |     31 |      0 |    963 |   2 |  636.0 |
       Dungeon |   1272 |   1241 |     31 |      0 |    963 |   2 |  636.0 |
               +--------+--------+--------+--------+--------+-----+--------+

Top non-repeatable levels by time:
     D:1: 936 daAuts
     D:2: 335 daAuts
